[Event "*** Titled Tuesday 3|2 Blitz"]
[Site "Chess.com"]
[Date "2016.04.05"]
[Round "1"]
[White "FrankieJay"]
[Black "spectralsoul"]
[Result "1/2-1/2"]
[WhiteElo "2281"]
[BlackElo "2567"]
[TimeControl "180+2"]
[EndTime "11:11:09 PDT"]
[Termination "Game drawn by agreement"]

1. e4 d6 2. d4 Nf6 3. Nc3 g6 4. f4 Bg7 5. Nf3 O-O 6. e5 dxe5 7.
fxe5 Nd5 8. Bc4 Be6 9. Qe2 c5 10. Nxd5 Bxd5 11. Bxd5 Qxd5 12. c4 Qd7 13. d5 b5 14. b3 bxc4 15. bxc4 e6 16. d6 Nc6 17.
O-O f6 18. Bb2 fxe5 19. Nxe5 Qxd6 20. Nxc6 Bxb2 21. Qxb2 Qxc6 22. Qe5 Rf5 23. Rxf5 exf5 24. Rd1 Re8 25. Qd5+ Qxd5 26. Rxd5 Re2 27. Rxc5 Rxa2 28.
Rc7 a5 29. c5 Rc2 30. c6 a4 31. Ra7 Rxc6 32. Rxa4 Rc2 33. h3 Kg7 34. Kh2 Kh6 35. Kg3 g5 36. Ra3 Kh5 37. Rb3 f4+ 38. Kf3 Kh4 39.
Rb6 Rc3+ 40. Kf2 Rc2+ 41. Kf3 Kh5 42. Ra6 Rc3+ 43. Kf2 Rd3 44. Rb6 Rd7 45. Kf3 Re7 46.
Ra6 Re3+ 47. Kf2 Rb3 48. Rc6 Rb1 49. Ra6 Rh1 50. Rb6 Rc1 51. Ra6 Rc2+ 52. Kf3 Rc3+ 53.
Kf2 h6 54. Rb6 Rc8 55. Ra6 Rh8 56. Kf3 Kh4 57. Rb6 h5 58. Kf2 g4 59. hxg4 hxg4 60.
Rb7 Rc8 61. Rh7+ Kg5 62. Rg7+ Kf5 63. Rf7+ Ke5 64. Re7+ Kf6 65. Re2 Rc3 66. Ra2 Kg5 67. Rb2 Kh4 68. Ra2 Rb3 69. Rc2 g3+ 70. Ke2 Kg4 71.
Rc8 Rb2+ 72. Kf1 Rb1+ 73. Ke2 Rg1 74. Rg8+ Kh5 75. Rh8+ Kg6 76. Kf3 Rf1+ 77. Kg4 Rf2 78. Rf8 Rxg2 79. Rxf4 Rg1 80. Ra4 g2 81. Kg3 Kg5 82.
Ra5+ Kf6 83. Ra2 Rf1 84. Kxg2 1/2-1/2

[Event "*** Titled Tuesday 3|2 Blitz"]
[Site "Chess.com"]
[Date "2016.04.05"]
[Round "1"]
[White "Colombiano07"]
[Black "manubibi"]
[Result "1-0"]
[WhiteElo "2137"]
[BlackElo "2457"]
[TimeControl "180+2"]
[EndTime "11:11:12 PDT"]
[Termination "Colombiano07 won by checkmate"]

1. d4 Nf6 2. Bf4 g6 3. e3 d6 4. Nf3 Bg7 5. Be2 O-O 6. O-O Nfd7 7. c3 e5 8. dxe5 dxe5 9. Bg5 f6 10. Bh4 Nc6 11. Nbd2 Qe7 12. a4 g5 13. Bg3 f5 14.
h4 g4 15. Ne1 f4 16. exf4 exf4 17. Bh2 h5 18. Nc4 Qxh4 19. Bxf4 Rxf4 20. g3 Qf6 21. gxf4 Qxf4 22. Qd5+ Kf8 23. Qxh5 Nf6 24. Qh2 Qe4 25.
Bd3 Qd5 26. Qxc7 Be6 27. Qd6+ Qxd6 28. Nxd6 Rd8 29. Nxb7 Rd5 30. Bc4 Ne5 31. Bxd5 Bxd5 32. Nd6 Nh5 33. Rd1 Bc6 34. b3 Nf4 35. Kh2 Ne2 36. Nd3 Nf3+ 37. Kh1 Nd2+ 38. Kh2 Nf3+ 39. Kh1 Nd2+ 40. Kh2 Nf3+ 41. Kh1 Nd2+ 42. Kh2 Nf3+ 43. Kh1 g3 44. Nb4 g2+ 45. Kxg2 Ne1+ 46. Kh2 Nf3+ 47. Kh1 Ba8 48. c4 Be5 49. Nf5 Nfd4+ 50. Nd5 Nxf5 51. Rde1 Nfd4 52. f4 Bd6 53. Kh2 Nc3 54. Kh3 Nxd5 55. cxd5 Bxd5 56. Rd1 Be6+ 57. Kg2 Bc5 58. b4 Bxb4 59.
Rxd4 Bc5 60. Rdd1 Bf5 61. Kf3 Ke7 62. Rd5 Bh3 63. Re1+ Kf6 64. Rxc5 Bd7 65. Rd1 Bxa4 66. Rd6+ Ke7 67. Ra6 Bd1+ 68. Ke3 Bg4 69. Rg5 Bc8 70.
Rg7+ Kf8 71. Raxa7 Be6 72. Rh7 Kg8 73. Rhe7 Bc4 74.
Re8# 1-0

[Event "*** Titled Tuesday 3|2 Blitz"]
[Site "Chess.com"]
[Date "2016.04.05"]
[Round "1"]
[White "Dr-Bassem"]
[Black "Lector118"]
[Result "1-0"]
[WhiteElo "2558"]
[BlackElo "2219"]
[TimeControl "180+2"]
[EndTime "11:11:22 PDT"]
[Termination "Dr-Bassem won by resignation"]

1. e4 e6 2. d3 d5 3. Nd2 c5 4. g3 Nc6 5. Bg2 Nf6 6. Ngf3 g6 7.
O-O Bg7 8. Re1 O-O 9. c3 a5 10. a4 b6 11. Nf1 dxe4 12. dxe4 Ba6 13. Qxd8 Raxd8 14. Bf4 Rd7 15. N1d2 Nh5 16. Be3 Rfd8 17. Bf1 Bxf1 18. Kxf1 Ne5 19. Nxe5 Bxe5 20. Nc4 Bc7 21. e5 Ng7 22. Bg5 Rc8 23. Red1 Rxd1+ 24. Rxd1 Ne8 25.
Rd7 Kf8 26. Bh6+ Kg8 27. Bg5 Kg7 28. f4 h6 29. Be7 Kg8 30. Ke2 Kg7 31. Na3 g5 32.
Ke3 Kg6 33. Ke4 gxf4 34. gxf4 Ng7 35. Nb5 Ne8 36. h4 h5 37. Rd1 Kh7 38. Rg1 Ng7 39. Rg5 Bd8 40. Bf6 Bxf6 41. exf6 Nf5 42. Na3 Kh6 43.
Nc4 Nxh4 44. Nd6 Rc7 45. Rg7 Nf5 46. Nxf5+ exf5+ 47. Kxf5 c4 48. Rg8 Kh7 49. Rb8 Rc5+ 50. Ke4 Kg6 51. Rxb6 h4 52. Kf3 Rh5 53. Kg2 h3+ 54.
Kh2 Rh4 55. Rb5 Rxf4 56. Kxh3 Rf2 57. Kg3 Rc2 58. Kf3 Kxf6 59. Ke4 Ke6 60. Kd4 f5 61. Kxc4 f4 62. Kd3 Rf2 63. b3 Rb2 64. Ke4 Rf2 65. Rxa5 f3 66. Ra6+ Kd7 67. Rf6 Rb2 68. b4 f2 69. a5 Rc2 70. Kd3 Ra2 71. Kc4 Ke7 72. Rf3 Kd6 73. Kb5 Kc7 74. c4 Kb7 75. c5 Kc7 76.
Rf7+ Kd8 77. a6 Ke8 78. Rf3 Kd7 79. Kb6 Ra1 80. Rxf2 1-0

[Event "*** Titled Tuesday 3|2 Blitz"]
[Site "Chess.com"]
[Date "2016.04.05"]
[Round "1"]
[White "GeorgMeier"]
[Black "Zazuliak"]
[Result "1-0"]
[WhiteElo "2747"]
[BlackElo "2371"]
[TimeControl "180+2"]
[EndTime "11:11:31 PDT"]
[Termination "GeorgMeier won by resignation"]

1. Nf3 Nf6 2. g3 g6 3. Bg2 Bg7 4. O-O O-O 5. d4 d6 6. b3 c5 7. c4 Nc6 8. Bb2 cxd4 9. Nxd4 Bd7 10. Nc2 Bf5 11. Ne3 Bd7 12. Nc3 Rc8 13. Rc1 Re8 14. Qd2 Qa5 15. Rfd1 Be6 16. a3 Qd8 17. b4 Ne5 18. Ncd5 Nxd5 19. cxd5 Bd7 20. h3 Ba4 21.
Rxc8 Qxc8 22. Rc1 Qb8 23. Bd4 Rc8 24. Rc3 Nd7 25. h4 Bxd4 26. Qxd4 Rxc3 27. Qxc3 Nb6 28. Bh3 Bd7 29. Bxd7 Nxd7 30. a4 Qd8 31. a5 a6 32.
Kg2 Nf6 33. g4 Ne8 34. g5 Qc7 35. Qd4 Ng7 36. Qe4 Qd7 37. Qc2 Nf5 38. Nxf5 Qxf5 39. Qxf5 gxf5 40. Kg3 e5 41. dxe6 fxe6 42. Kf4 Kg7 43. h5 Kf7 44. e4 fxe4 45. Kxe4 h6 46. g6+ Kg7 47. f3 Kf6 48. f4 Ke7 49. Kd4 Kf6 50. Kc4 Kg7 51. b5 Kf6 52. b6 Kg7 53. Kd4 Kf6 54. Ke4 Kg7 55. f5 e5 56. Kd5 Kf6 57. Kxd6 e4 58. g7 Kxg7 59. Ke7 e3 60. f6+ Kh7 61. f7 e2 62. f8=Q e1=Q+ 63. Kd7 Qd1+ 64. Kc7 Qxh5 65. Qe7+ Kg8 66. Qe6+ Kg7 67. Qd7+ Kg8 68. Kxb7 Qxa5 69. Qc8+ Kg7 70. Ka7 Qd2 71. Qc7+ Kg6 72. Qc6+ Kg7 73. b7 1-0

[Event "*** Titled Tuesday 3|2 Blitz"]
[Site "Chess.com"]
[Date "2016.04.05"]
[Round "1"]
[White "Alexander_Donchenko"]
[Black "Er_is_geen_hoop_meer"]
[Result "1/2-1/2"]
[WhiteElo "2595"]
[BlackElo "2300"]
[TimeControl "180+2"]
[EndTime "11:11:44 PDT"]
[Termination "Game drawn by agreement"]

1. d4 Nf6 2. c4 g6 3. g3 Bg7 4. Bg2 O-O 5. Nc3 d6 6. Nf3 Nbd7 7. O-O e5 8. e4 h6 9. h3 Nh7 10. Be3 Ng5 11. Nxg5 hxg5 12. Qd2 exd4 13. Bxd4 Ne5 14.
b3 g4 15. hxg4 Bxg4 16. f3 Be6 17. f4 Nc6 18. Bxg7 Kxg7 19. f5 Bd7 20. f6+ Kh7 21. Qg5 Rh8 22. Rf4 Kg8 23. Nd5 Be6 24. Kf2 Rh5 25.
Ne7+ Nxe7 26. fxe7 Rxg5 27. exd8=Q+ Rxd8 28. Rh1 Kg7 29. Rfh4 a5 30. Bf3 a4 31. Rh7+ Kf6 32. Rh8 Rxh8 33. Rxh8 axb3 34. axb3 Ra5 35. Rb8 b6 36. Rb7 Ra2+ 37. Ke1 Rb2 38. Bd1 Ke5 39. Rxc7 Kxe4 40. Rc6 d5 41. cxd5 Bxd5 42. Rxb6 Ke3 43. Rd6 Rh2 44. Rf6 Bg2 45. Be2 Rh1+ 46. Bf1 Bd5 47.
b4 Rh8 48. Rd6 Be4 49. Ra6 Rb8 50. Ra3+ Kd4 51. b5 f5 52. Kf2 g5 53. Ra4+ Ke5 54. Ra5 f4 55. g4 Kd4 56. Ra4+ Ke5 57. Ra7 Rh8 58. Rg7 Rh2+ 59. Ke1 Kd4 60. Rxg5 Ke3 61. Rc5 Rb2 62. Rc3+ Kd4 63. Ra3 f3 64.
Ra4+ Ke3 65. Ra3+ Kf4 66. Bc4 Rb1+ 67. Kf2 Rb2+ 68. Kg1 Rb4 69. Bf1 Kxg4 70. Kf2 Kf4 71. Ra2 Rb1 72. Rd2 Rc1 73. Rb2 Rc8 74. b6 Rb8 75. Ba6 Rh8 76. Ke1 Rh1+ 77. Bf1 Bd3 78. b7 Ke3 79. Rf2 Rh8 80. Bxd3 Kxd3 81. Rxf3+ Kc4 82. Rf7 Kc5 83. Rc7+ Kb6 84. Rc8 Rh1+ 85. Kf2 Kxb7 86. Rc3 Rh2+ 87. Kg1 1/2-1/2

[Event "*** Titled Tuesday 3|2 Blitz"]
[Site "Chess.com"]
[Date "2016.04.05"]
[Round "1"]
[White "SCIM"]
[Black "VSERGUEI"]
[Result "1/2-1/2"]
[WhiteElo "2145"]
[BlackElo "2446"]
[TimeControl "180+2"]
[EndTime "11:12:07 PDT"]
[Termination "Game drawn - insufficient material"]

1. d4 d5 2. c4 c6 3. Nf3 Nf6 4. e3 Bf5 5. Nc3 e6 6. Nh4 Bg6 7. Qb3 Qb6 8. Nxg6 hxg6 9. Be2 Nbd7 10. h3 Be7 11. O-O O-O 12. Qc2 Rac8 13. cxd5 cxd5 14. Bd2 Ne4 15. Rfc1 Nxd2 16. Qxd2 Nf6 17. a3 a6 18. b4 Rc6 19. Na4 Qc7 20. Rxc6 Qxc6 21. Nc5 a5 22. Rc1 axb4 23. axb4 Rc8 24. Nd3 Qe8 25.
Bf3 Rc4 26. Nc5 b6 27. Nd3 Qa4 28. Ne5 Qxb4 29. Nxc4 dxc4 30. Qxb4 Bxb4 31. Rxc4 Ba5 32. Rc8+ Kh7 33. Rc7 Kg8 34. Rb7 g5 35. g3 g6 36. e4 Kf8 37. e5 Ng8 38. Rb8+ Kg7 39. d5 exd5 40. Bxd5 Ne7 41. Be4 Bc3 42. Rb7 Kf8 43.
Rb8+ Kg7 44. Rxb6 Bxe5 45. Rb7 Bf6 46. Kg2 Kf8 47. Bd3 Kg7 48. Bc4 Kf8 49. Kf3 Kg7 50. Ke4 Kf8 51. f4 gxf4 52. Kxf4 Kg7 53. g4 g5+ 54.
Ke4 Kf8 55. Rb6 Kg7 56. Ra6 Ng6 57. Ra7 Ne7 58. Ra2 Kf8 59. Rf2 Kg7 60. Rf1 Ng6 61. Bd5 Ne7 62. h4 gxh4 63. g5 Bxg5 64. Rxf7+ Kg6 65. Be6 Ng8 66. Rf1 Nf6+ 67. Ke5 Kh6 68.
Kf5 Nh5 69. Ra1 Ng7+ 70. Ke5 Nxe6 71. Kxe6 Kg6 72. Rg1 Kh6 73. Kf5 Be3 74. Rg4 Bf2 75. Rg6+ Kh7 76. Rg5 Bg3 77. Kg4 Kh6 78. Rb5 Kg6 79.
Rb6+ Kf7 80. Ra6 Ke7 81. Kh3 Kd7 82. Ra4 Ke7 83. Rg4 Kd7 84. Rg6 Ke7 85. Rh6 Kd7 86. Kg4 Ke7 87. Kf5 Kd7 88. Ke4 Ke7 89.
Rxh4 Bxh4 1/2-1/2

[Event "*** Titled Tuesday 3|2 Blitz"]
[Site "Chess.com"]
[Date "2016.04.05"]
[Round "1"]
[White "GulamaliRises"]
[Black "HansCoolNiemann"]
[Result "1/2-1/2"]
[WhiteElo "2549"]
[BlackElo "2248"]
[TimeControl "180+2"]
[EndTime "11:12:44 PDT"]
[Termination "Game drawn by repetition"]

1. e4 e6 2. d3 d5 3. Nd2 c5 4. Ngf3 Nc6 5. g3 g6 6. Bg2 Bg7 7. O-O Nge7 8. Re1 O-O 9. h4 b6 10. e5 Qc7 11. Qe2 Ba6 12. Nf1 Nf5 13. c3 Rae8 14. g4 Nfe7 15. Bf4 b5 16. Qd2 b4 17. Ng3 Kh8 18. Rad1 Ng8 19. h5 h6 20. g5 Kh7 21.
gxh6 Bxh6 22. Bxh6 Nxh6 23. Qf4 Ne7 24. Ng5+ Kg8 25. Nxe6 fxe6 26. Qxh6 Nf5 27. Qxg6+ Qg7 28. Nxf5 Qxg6 29. hxg6 Rxf5 30. Re3 Rg5 31. cxb4 cxb4 32.
Rc1 Rxg6 33. Rc6 Bb7 34. Rc7 Rg7 35. Rg3 Rxg3 36. fxg3 Ba6 37. d4 Bd3 38. Rxa7 Bf5 39. Ra4 Rc8 40. Rxb4 Rc1+ 41. Kf2 Rc2+ 42. Kf1 Rc1+ 43.
Ke2 Rc2+ 44. Kf1 Rc1+ 45. Kf2 Rc2+ 46. Ke1 Rxg2 47. a4 Rg1+ 48. Kd2 Ra1 49. Kc3 Kf7 50.
Kb3 Bg4 51. Rb6 Bd1+ 52. Kb4 Rxa4+ 53. Kc5 Ra8 54. b4 Rc8+ 55. Kd6 Rd8+ 56. Kc7 Rf8 57. Kd7 Ba4+ 58. Kc7 Ke7 59. Ra6 Bd7 60. Ra7 Rc8+ 61. Kb7 Kd8 62. Ra6 Rc7+ 63. Kb6 Rc6+ 64. Ka5 Rc4 65. b5 Rxd4 66. Ra8+ Kc7 67. Ra7+ Kc8 68.
Kb6 Kd8 69. Ra8+ Bc8 70. Kc6 Rc4+ 71. Kd6 Rb4 72. Kc5 Rb1 73. Ra7 Bd7 74. Ra8+ Kc7 75. Ra7+ Kc8 76. Ra5 Rxb5+ 77. Rxb5 Bxb5 78. Kxb5 Kd7 79.
Kc5 Ke7 80. Kd4 Kf7 81. Ke3 Kg6 82. Kf4 Kh5 83. g4+ Kh4 84. Kf3 Kg5 85. Kg3 Kg6 86.
Kf3 Kg5 87. Kg3 Kg6 88. Kf3 Kh6 89. Kg3 Kg5 90. Kf3 Kg6 91. Kg3 Kf7 92. Kf3 Ke7 93.
Kf4 Kf7 94. Kg3 Kg6 95. Kf3 1/2-1/2

[Event "*** Titled Tuesday 3|2 Blitz"]
[Site "Chess.com"]
[Date "2016.04.05"]
[Round "1"]
[White "GMKrikor"]
[Black "Yaacovn"]
[Result "1/2-1/2"]
[WhiteElo "2393"]
[BlackElo "2643"]
[TimeControl "180+2"]
[EndTime "11:13:26 PDT"]
[Termination "Game drawn by 50-move rule"]

1. e4 c6 2. Nf3 d5 3. Nc3 dxe4 4.
Nxe4 Nf6 5. Nxf6+ gxf6 6. g3 Bg4 7. Bg2 Nd7 8. h3 Bh5 9. d3 Ne5 10. g4 Bg6 11. Nxe5 Qa5+ 12. Bd2 Qxe5+ 13. Be3 e6 14. Qd2 O-O-O 15. O-O-O Qb5 16. Qc3 Be7 17. Kb1 f5 18. g5 Bb4 19. Qb3 e5 20. f4 Rhe8 21. a3 Bd6 22. Qxb5 cxb5 23. fxe5 Rxe5 24. Bxa7 b4 25.
Bd4 Rb5 26. axb4 Bxb4 27. Bf6 Rd6 28. Bf3 Rxf6 29. gxf6 Bc3 30. Ka2 Rxb2+ 31. Ka3 b5 32. Rb1 b4+ 33. Ka4 Rxc2 34. Rhc1 Ra2+ 35. Kb5 Kd7 36.
Bd5 Rd2 37. Bc4 f4 38. Rf1 Rh2 39. Rxf4 Rxh3 40. Rf2 Kd6 41. Rg1 Bd4 42. Rxg6 hxg6 43. Ra2 Bxf6 44. Bxf7 Bc3 45. Bxg6 b3 46. Ra6+ Ke5 47.
d4+ Bxd4 48. Kc4 Rc3+ 49. Kb4 b2 50. Ra5+ Kf4 51. Ra8 Rc6 52. Bb1 Rc1 53. Bh7 Rh1 54.
Bg6 Rg1 55. Bc2 Rc1 56. Bg6 b1=Q+ 57. Bxb1 Rxb1+ 58. Kc4 Ke4 59. Re8+ Be5 60. Re6 Rc1+ 61. Kb3 Kd5 62. Rg6 Rc3+ 63. Kb4 Rh3 64. Rb6 Bd6+ 65. Kb5 Rb3+ 66. Ka6 Ra3+ 67. Kb5 Ra1 68. Rb7 Ra2 69. Rb6 Bc5 70. Rb7 Rb2+ 71. Ka6 Ra2+ 72. Kb5 Ra8 73. Rd7+ Bd6 74. Rb7 Rh8 75. Rb6 Rh7 76. Rc6 Rh3 77. Rb6 Rc3 78. Rb7 Rc5+ 79. Kb6 Rc3 80.
Kb5 Rc4 81. Rb6 Rg4 82. Rb7 Rg8 83. Rb6 Ra8 84. Rb7 Rc8 85. Ka6 Kc5 86. Rb5+ Kc4 87.
Rb6 Bc5 88. Kb7 Rg8 89. Rc6 Kb5 90.
Rc7 Rg6 91. Rd7 Ra6 92. Rc7 Rb6+ 93. Kc8 Rf6 94. Kb7 Rb6+ 95. Kc8 Rh6 96. Kb7 Rg6 97.
Rd7 Rb6+ 98. Kc7 Ra6 99. Kb7 Ra4 100. Rc7 Bb6 101. Rd7 Ra7+ 102. Kc8 Ra8+ 103. Kb7 Rg8 104. Rd5+ Bc5 105. Rd7 Rg6 106. Rc7 Bd6 107. Rd7 Kc5 108. Kc8 Kc6 109. Rc7+ Kd5 110. Rd7 Rg1 111. Rb7 Rg8+ 112. Kd7 Bc5 113. Rc7 Rg6 1/2-1/2